[Event "*** Titled Tuesday Blitz"]
[Site "Chess.com"]
[Date "2019.06.04"]
[Round "10"]
[White "colemman"]
[Black "NicoChasin"]
[Result "0-1"]
[WhiteElo "2573"]
[BlackElo "2476"]
[TimeControl "180+2"]
[EndTime "15:20:41 PDT"]
[Termination "NicoChasin won by resignation"]

1. d4 Nf6 2. Nf3 e6 3. Nbd2 c5 4. e3 Nc6 5. c3 b6 6. Bd3 Bb7 7. Qe2 Be7 8. O-O O-O 9. Re1 d6 10. a3 e5 11. dxe5 Nxe5 12. Nxe5 dxe5 13. e4 Qc7 14. f3 Rfd8 15. Bc4 a6 16. a4 Bc6 17.
Nf1 Qb7 18. Bg5 b5 19. axb5 axb5 20. Rxa8 Rxa8 21. Bd3 c4 22. Bb1 h6 23. Bh4 Bc5+ 24. Bf2 Qb6 25. Bxc5 Qxc5+ 26. Ne3 Ra1 27. h3 Nh5 28. Qd2 Nf4 29. Kh2 g6 30. Bc2 Ra2 31.
Bb1 Ra1 32. Rd1 Kg7 33. Bc2 Ra2 34. Bb1 Ra1 35. g3 Ne6 36. h4 b4 37. cxb4 Qd4 38.
Qe2 Qb6 39. Nxc4 Qxb4 40. Nxe5 Bb5 41. Qf2 Ba4 42. Re1 Nd4 43. Nd3 Qd6 44. e5 Qd5 45. Re4 Nxf3+ 46. Qxf3 Rxb1 47. Rf4 Qxf3 48. Rxf3 Bb5 49.
Kh3 Bd7+ 50. Kh2 Bc6 51. Kg2 Rd1 52. Nf2 Rd2 53. g4 Rxb2 54. Kg3 Bxf3 55. Kxf3 Kf8 56. Nd3 Rb3 57. Ke4 Ke7 58. Nf4 Rb4+ 59. Kf3 Rb3+ 60. Ke4 Rg3 61. Nd5+ Ke6 62. Nf4+ Kd7 63. h5 Rxg4 64.
hxg6 fxg6 65. Kf3 Rxf4+ 66. Kxf4 Ke6 67. Ke4 g5 68. Kd4 h5 69. Ke4 h4 70. Kd4 h3 0-1

[Event "*** Titled Tuesday Blitz"]
[Site "Chess.com"]
[Date "2019.06.04"]
[Round "10"]
[White "tbalabayev"]
[Black "PawnEatingZombie"]
[Result "0-1"]
[WhiteElo "2301"]
[BlackElo "2149"]
[TimeControl "180+2"]
[EndTime "15:20:41 PDT"]
[Termination "PawnEatingZombie won by resignation"]

1. Nf3 d5 2. g3 e6 3. Bg2 Nf6 4.
O-O b5 5. d3 c5 6. Nbd2 Bb7 7. e4 Be7 8. e5 Nfd7 9. Re1 Nc6 10.
Nf1 Qc7 11. Bf4 O-O 12. h4 Rfc8 13. h5 h6 14. Qd2 Qd8 15. N1h2 a5 16. Ng4 Bf8 17.
Bxh6 gxh6 18. Nxh6+ Bxh6 19. Qxh6 Qf8 20. Qf4 Nd4 21.
c3 Nxf3+ 22. Bxf3 Qg7 23. Kg2 Kh7 24. Rh1 f5 25. exf6 Qxf6 26. Qd6 Qf7 27. g4 Ra6 28.
Qg3 Rf8 29. g5 Qxf3+ 30. Qxf3 Rxf3 31. Kxf3 d4+ 32. Kf4 Bxh1 33. Rxh1 dxc3 34. bxc3 Rd6 35. Ke4 Rd5 36. f4 c4 37. d4 b4 38. cxb4 axb4 39.
Rc1 c3 40. a3 bxa3 41. Rxc3 Ra5 42. Rc1 a2 43. Ra1 Nb6 44. d5 Nxd5 45. Ke5 Nb4+ 46. Kxe6 Nc2 47. Rxa2 Rxa2 48. f5 Nd4+ 49. Kf6 Ra5 50. g6+ Kh6 51. g7 Rxf5+ 52. Ke7 Rg5 53. Kf7 Rxg7+ 54. Kf8 Ra7 0-1

[Event "*** Titled Tuesday Blitz"]
[Site "Chess.com"]
[Date "2019.06.04"]
[Round "10"]
[White "Drags95"]
[Black "olksuna"]
[Result "1-0"]
[WhiteElo "2772"]
[BlackElo "2520"]
[TimeControl "180+2"]
[EndTime "15:20:58 PDT"]
[Termination "Drags95 won on time"]

1. e4 c5 2. Nf3 Nc6 3. Nc3 Nf6 4.
Bb5 g6 5. Bxc6 dxc6 6. e5 Nd5 7. Ne4 b6 8. O-O Bg7 9. d3 Bg4 10. Re1 O-O 11. h3 Bxf3 12. Qxf3 Bxe5 13. Nxc5 Bg7 14. Ne4 Nb4 15. Qe2 c5 16. Bg5 Qd7 17. Rad1 f5 18. c3 Nd5 19. c4 Nb4 20. Nc3 e5 21. a3 Nc6 22. Nd5 Rae8 23. f3 h6 24. Be3 g5 25.
b4 cxb4 26. axb4 Qf7 27. b5 Ne7 28. Nb4 Ng6 29. Nc6 e4 30. fxe4 fxe4 31. Rf1 exd3 32. Qxd3 Qe6 33. Rxf8+ Bxf8 34. Bd2 Bc5+ 35. Kh1 Nh4 36.
Bc3 Nf5 37. Be5 Ne3 38. Rc1 g4 39. Kh2 gxh3 40. gxh3 Nf5 41. Rc2 Ne3 42. Re2 Rf8 43. Rxe3 Bxe3 44. Qxe3 Qxc4 45. Qg3+ Kf7 46. Qg7+ Ke6 47.
Qxf8 Qe2+ 48. Kg3 Qd3+ 49. Qf3 Qxb5 50. Nd4+ Kxe5 51. Nxb5 1-0

[Event "*** Titled Tuesday Blitz"]
[Site "Chess.com"]
[Date "2019.06.04"]
[Round "10"]
[White "DivyaDeshmukh23"]
[Black "MasterKroket"]
[Result "1/2-1/2"]
[WhiteElo "2373"]
[BlackElo "2338"]
[TimeControl "180+2"]
[EndTime "15:21:02 PDT"]
[Termination "Game drawn by agreement"]

1. e4 c5 2. Nf3 e6 3. d4 cxd4 4. Nxd4 Nc6 5. Nc3 Qc7 6. Be3 a6 7. Be2 Nf6 8. O-O Bb4 9. Na4 O-O 10. c4 Bd6 11. Nxc6 bxc6 12. f4 Nxe4 13. Bf3 f5 14. Qc2 Nf6 15. Rad1 Bxf4 16. Bb6 Qb8 17. g3 Be5 18.
Bc5 Rf7 19. Nb6 d6 20. Nxa8 dxc5 21. Rd8+ Rf8 22. Rxf8+ Kxf8 23. Bxc6 Qd6 24. Qg2 Bd4+ 25. Kh1 Ng4 26. Nb6 Qc7 27. Nxc8 Qxc8 28. Bb7 Qd8 29. Qf3 Qb6 30. b3 h5 31. Qc6 Qxc6+ 32. Bxc6 a5 33. Re1 e5 34. Kg2 Ke7 35. h3 Nf6 36. Rf1 g6 37. a3 Bb2 38. Re1 e4 39. a4 Kd6 40.
Bb5 Ke5 41. Rd1 Bd4 42. Kf1 g5 43. Ke2 f4 44. gxf4+ gxf4 45. b4 cxb4 46. Rf1 f3+ 47. Kd1 h4 48. Bc6 Nh5 49. Re1 e3 50. Bxf3 Ng3 51.
Kc2 Kf4 52. Bg4 Bc5 53. Kd3 Ne4 54. Bc8 Nf2+ 55. Ke2 Ke4 56. Rg1 Kd4 57. Be6 Kc3 58.
Rg5 Ne4 59. Re5 b3 60. Rxe4 b2 61. Bf5 b1=Q 62. Rxe3+ Bxe3 63. Bxb1 Bg5 1/2-1/2

[Event "*** Titled Tuesday Blitz"]
[Site "Chess.com"]
[Date "2019.06.04"]
[Round "10"]
[White "tteshan"]
[Black "guillembaches"]
[Result "1-0"]
[WhiteElo "2259"]
[BlackElo "2287"]
[TimeControl "180+2"]
[EndTime "15:21:02 PDT"]
[Termination "tteshan won on time"]

1. d4 d5 2. c4 dxc4 3. e3 e5 4. Bxc4 exd4 5. exd4 Bd6 6. Nf3 Nf6 7. Nc3 O-O 8. O-O Bg4 9. h3 Bh5 10. Bg5 Nbd7 11. Re1 c6 12. Qd3 Qc7 13. Bb3 Bf4 14.
Bxf4 Qxf4 15. Ne5 Rad8 16. Qe3 Qxe3 17. Rxe3 Nb6 18. Rae1 Rxd4 19. g4 Bg6 20. Nxg6 hxg6 21. Re7 Nfd7 22. Kg2 g5 23. Ne4 g6 24. Nxg5 Rf4 25. Kg3 Rf6 26. Ne4 Kg7 27. Nxf6 Kxf6 28. f4 Nc5 29. g5+ Kg7 30. Rc7 Nc8 31. Bxf7 Rxf7 32.
Rxc8 Nd3 33. Ree8 Rd7 34. Rg8+ Kf7 35. Rcf8+ Ke6 36. Rxg6+ Kd5 37. b3 Re7 38. Rd8+ Ke4 39. Rxd3 Kxd3 40. f5 c5 41. f6 Re3+ 42. Kg4 Re4+ 43.
Kf5 Ke3 44. Rg7 b5 45. f7 Rf4+ 46. Kg6 c4 47. bxc4 bxc4 48. Rg8 c3 49. f8=Q Rxf8 50. Rxf8 c2 51. Rc8 1-0

[Event "*** Titled Tuesday Blitz"]
[Site "Chess.com"]
[Date "2019.06.04"]
[Round "10"]
[White "Chebure"]
[Black "KhazarBabazada"]
[Result "0-1"]
[WhiteElo "2796"]
[BlackElo "2640"]
[TimeControl "180+2"]
[EndTime "15:21:06 PDT"]
[Termination "KhazarBabazada won by checkmate"]

1. e4 c5 2. d4 cxd4 3. c3 d3 4. Nf3 g6 5. Bxd3 Bg7 6. O-O d6 7.
h3 Nc6 8. Qe2 Nf6 9. Bf4 O-O 10.
Nbd2 Nh5 11. Bh2 Bh6 12. Bc2 Nf4 13. Qe1 e5 14. Nc4 Qf6 15. Rd1 Nxh3+ 16. Kh1 Nf4 17.
Rxd6 Be6 18. Rxc6 bxc6 19. Ncxe5 Rfe8 20. Qe3 g5 21. Nxc6 Bc4 22. Nfd4 Bxf1 23. e5 Bxg2+ 24.
Kg1 Bxc6 25. exf6 Rxe3 26. fxe3 Nh3+ 27. Kf1 Bd5 28. Bf5 g4 29. Bxg4 Ng5 30. Bf4 Be6 31. Be2 Rd8 32. a4 Rd5 33. c4 Ra5 34. b3 Bf8 35.
Nc6 Rc5 36. Ne7+ Kh8 37. b4 Rxc4 38. Bxc4 Bxc4+ 39. Ke1 Ne4 40. b5 h5 41. a5 Bxb5 42. Be5 h4 43. Nd5 h3 44. Bb8 Bc4 45. Nb4 Bxb4+ 46.
Kd1 Bd6 47. Bxd6 Nxd6 48. Kc2 h2 49. e4 h1=Q 50. e5 Qf3 51. exd6 Qd3+ 52. Kc1 Qc3+ 53. Kd1 Bd3 54. d7 Qc2+ 55. Ke1 Qe2# 0-1

[Event "*** Titled Tuesday Blitz"]
[Site "Chess.com"]
[Date "2019.06.04"]
[Round "10"]
[White "Pechen_Yeltsina"]
[Black "DanielMieles1985"]
[Result "0-1"]
[WhiteElo "2688"]
[BlackElo "2661"]
[TimeControl "180+2"]
[EndTime "15:21:11 PDT"]
[Termination "DanielMieles1985 won by checkmate"]

1. Nf3 d5 2. g3 c6 3. Bg2 Bf5 4. O-O e6 5. d3 Nf6 6. Nbd2 h6 7. Qe1 Bh7 8. e4 Be7 9. c3 O-O 10. Ne5 a5 11. Qe2 a4 12. d4 Nbd7 13. Nxd7 Nxd7 14. Re1 Qa5 15. Nf1 dxe4 16. Bxe4 Bxe4 17. Qxe4 Nf6 18. Qe5 Qxe5 19. Rxe5 Nd7 20. Re2 c5 21. Be3 Rfd8 22. Nd2 a3 23. b3 Rac8 24. c4 Bf6 25. Nf3 cxd4 26. Bxd4 Nc5 27. Bxf6 gxf6 28. Rc1 f5 29. Ne1 Ne4 30. f3 Nc5 31. Nc2 Ra8 32. Kf1 Kg7 33.
Ne3 Kf6 34. Nd1 Nd3 35. Rb1 Nb4 36. Nc3 Rd3 37. Nb5 Rxf3+ 38. Kg2 Rd3 39. Rf1 h5 40. Rf4 Rad8 41. Rff2 h4 42. Nxa3 hxg3 43. hxg3 Rg8 44. Rf3 Rxf3 45. Kxf3 Ra8 46. Nb5 Rxa2 47. Rxa2 Nxa2 48.
Nd6 Nc1 49. b4 Nd3 50. b5 Nc5 51. Ke3 e5 52. Ne8+ Kg5 53. Nd6 f6 54. Kf3 Kg6 55.
Ke3 Kg5 56. Kf3 e4+ 57. Ke3 Kg4 58. b6 Kxg3 59. Nxf5+ Kg4 60. Nd6 f5 61. Kd4 f4 62.
Kxc5 e3 63. Ne4 e2 64. Nf2+ Kf3 65. Nd3 Ke3 66. Ne1 f3 67. Kd6 f2 68. Ng2+ Kf3 69.
Kc7 Kxg2 70. Kxb7 e1=Q 71. c5 f1=Q 72. c6 Qf3 73. Kc7 Qe7+ 74. Kb8 Qxc6 75. b7 Qcxb7# 0-1

[Event "*** Titled Tuesday Blitz"]
[Site "Chess.com"]
[Date "2019.06.04"]
[Round "10"]
[White "Spring199"]
[Black "ZenBull"]
[Result "0-1"]
[WhiteElo "2207"]
[BlackElo "2117"]
[TimeControl "180+2"]
[EndTime "15:21:24 PDT"]
[Termination "ZenBull won by resignation"]

1. d4 Nf6 2. c4 e6 3. Nc3 Bb4 4. e3 O-O 5. Bd3 d5 6. Ne2 c5 7. O-O dxc4 8. Bxc4 cxd4 9. exd4 Nc6 10. Bg5 Be7 11. Rc1 Bd7 12. Ng3 Rc8 13. Bxf6 Bxf6 14. d5 exd5 15. Bxd5 Re8 16. Nh5 Be6 17. Bxe6 Rxe6 18.
Qg4 Bxc3 19. Rxc3 Rg6 20. Qh3 Rc7 21. Nf4 Rd6 22. Rg3 Rcd7 23. Qg4 g6 24. h4 Rd1 25. Rxd1 Rxd1+ 26. Kh2 Qd7 27. Qxd7 Rxd7 28. h5 Kf8 29. hxg6 hxg6 30. Re3 Rd2 31. Nd3 Nd4 32. g4 Nc2 33.
Rh3 Nd4 34. Kg2 Ne6 35. Ne5 Rxb2 36. Rh8+ Kg7 37. Rb8 b6 38. Rb7 Kf6 39. Nc6 Rxa2 40. Nxa7 Kg5 41. Kg3 f5 42. gxf5 gxf5 43. Nc6 f4+ 44.
Kf3 Ra3+ 45. Ke4 Nc5+ 46. Kd5 Nxb7 47. Nd4 Ra2 48. f3 Nc5 49. Nb5 Nd3 50. Ke4 Rb2 51.
Nc3 Nc5+ 52. Kd4 Rb3 53. Nd5 Rxf3 54. Nc3 Rxc3 55. Kxc3 f3 0-1

[Event "*** Titled Tuesday Blitz"]
[Site "Chess.com"]
[Date "2019.06.04"]
[Round "10"]
[White "TheBigBadChessDad"]
[Black "ozates"]
[Result "1-0"]
[WhiteElo "2176"]
[BlackElo "2237"]
[TimeControl "180+2"]
[EndTime "15:21:33 PDT"]
[Termination "TheBigBadChessDad won by resignation"]

1. e4 c5 2. Nf3 Nc6 3. c3 d5 4. exd5 Qxd5 5. d4 Bg4 6. dxc5 Qxd1+ 7. Kxd1 e5 8. b4 e4 9. h3 Bxf3+ 10. gxf3 exf3 11.
Be3 O-O-O+ 12. Kc2 Nf6 13. Nd2 Nd5 14. Nxf3 Nxe3+ 15. fxe3 g6 16. Nd4 Bh6 17. Bg2 Ne5 18. e4 Nc4 19.
Kb3 Nd2+ 20. Kc2 Nc4 21. Bf3 Rhe8 22. Rhe1 Re5 23. Rad1 Ne3+ 24. Rxe3 Bxe3 25. Kd3 Bg5 26. Kc4 Bf6 27. Rf1 Bg5 28. Bg4+ Kb8 29. Rxf7 Rxe4 30. Rxh7 Be3 31. Rd7 Rxd7 32. Bxd7 Bxd4 33. cxd4 Re2 34. a4 Kc7 35. Bg4 Rc2+ 36. Kb3 Rd2 37. Kc3 Ra2 38. a5 b5 39. d5 Ra3+ 40. Kd4 Rb3 41. d6+ Kb7 42. Kd5 Rd3+ 43. Ke6 Kc6 44. Ke7 Re3+ 45. Be6 Rd3 46. Kf7 g5 47. Kf6 Rd4 48.
Ke7 Rxb4 49. d7 Rd4 50. d8=Q Rxd8 51. Kxd8 b4 52. Kc8 a6 53. Bc4 Kxc5 54. Bxa6 b3 55.
Bd3 b2 56. a6 Kb6 57. Kd7 b1=Q 58. Bxb1 Kxa6 59. Ke6 Kb7 60. Kf5 Kc7 61. Kxg5 Kd7 62. Kg6 Ke7 63. Kg7 Ke6 64. h4 1-0

[Event "*** Titled Tuesday Blitz"]
[Site "Chess.com"]
[Date "2019.06.04"]
[Round "10"]
[White "Indianlad"]
[Black "temus_galaktionov"]
[Result "1/2-1/2"]
[WhiteElo "2870"]
[BlackElo "2735"]
[TimeControl "180+2"]
[EndTime "15:21:45 PDT"]
[Termination "Game drawn - insufficient material"]

1. d4 c6 2. e4 g6 3. Nf3 Bg7 4. c4 d6 5. Nc3 Nd7 6. Be2 e5 7.
O-O Ngf6 8. Be3 O-O 9. dxe5 dxe5 10. h3 Qe7 11. Qc2 Nh5 12. Rfd1 Nc5 13. b4 Ne6 14. a3 a5 15. c5 Nhf4 16. Bf1 Ng5 17. Nxg5 Qxg5 18.
g3 Be6 19. Kh2 axb4 20. axb4 Rxa1 21. Rxa1 Qf6 22. Rd1 Nh5 23. Qd2 Qe7 24. b5 Rc8 25. bxc6 bxc6 26. Qd6 Qxd6 27. cxd6 Nf6 28. f3 Bf8 29. f4 Nd7 30. Na4 Bb3 31. Nb6 Nxb6 32. d7 Bxd1 33. Bxb6 Ra8 34. d8=Q Rxd8 35. Bxd8 Bd6 36.
f5 Bc2 37. fxg6 hxg6 38. Bg2 Bd3 39. Ba5 Bc5 40. g4 Bd4 41. g5 c5 42. Kg3 c4 43.
Bd2 c3 44. Bc1 Kf8 45. h4 Ke7 46. Kg4 Kd6 47. Bf3 Bf2 48. h5 gxh5+ 49. Kxh5 Be1 50.
g6 fxg6+ 51. Kxg6 Bd2 52. Ba3+ Kc6 53. Kf5 Bf4 54. Bd1 c2 55. Bxc2 Bxc2 56. Bb2 Kd6 57. Ba3+ Kc6 58. Bb2 Bd2 59. Bxe5 Kc5 60. Bb2 Bb4 61. Kf4 Bd2+ 62. Kf5 Kd6 63. Ba3+ Kd7 64. Bb2 Be3 65. Ke5 Ke7 66. Ba3+ Kf7 67. Bb2 Kg6 68. Kd5 Bd1 69. Bd4 Bd2 70. Bb2 Bf3 71. Ke5 Bh6 72. Ba3 Kg5 73. Bc1+ Kg6 74. Bxh6 Kxh6 75. Kf4 Bxe4 1/2-1/2

[Event "*** Titled Tuesday Blitz"]
[Site "Chess.com"]
[Date "2019.06.04"]
[Round "10"]
[White "Witik"]
[Black "irregularity"]
[Result "1/2-1/2"]
[WhiteElo "2629"]
[BlackElo "2604"]
[TimeControl "180+2"]
[EndTime "15:21:45 PDT"]
[Termination "Game drawn by repetition"]

1. d4 Nf6 2. c4 c5 3. d5 e6 4. Nc3 exd5 5. cxd5 d6 6. e4 g6 7. h3 Bg7 8. Nf3 O-O 9. Bd3 b5 10. Bxb5 Nxe4 11. Nxe4 Qa5+ 12. Nfd2 Qxb5 13. Nxd6 Qa6 14. N2c4 Nd7 15. O-O Nb6 16. Nxb6 Qxb6 17. Nxc8 Raxc8 18. Rb1 c4 19. Be3 Qa5 20. Bd4 Rfd8 21. Bxg7 Kxg7 22.
Qd4+ Kg8 23. Rfd1 Rd6 24. b4 Qxa2 25. Ra1 Qb3 26. Rxa7 Qxb4 27. Qf4 Rf8 28. h4 Qc5 29. Ra4 c3 30. Rc4 Qa5 31. Rxc3 Rxd5 32. Rxd5 Qxd5 33.
Rc7 Qd1+ 34. Kh2 Qd5 35. f3 Kg7 36. Kg3 Re8 37. Rc4 Kg8 38. Rd4 Qa5 39. Qf6 Qc7+ 40. Kh3 h5 41. Rf4 Qd7+ 42. Kh2 Re6 43. Qd4 Rd6 44.
Qe5 Rd5 45. Qf6 Qc7 46. Kh3 Rd6 47. Qe5 Qd7+ 48. Kg3 Rd5 49. Qf6 Rd1 50. Re4 Rd6 51.
Qe7 Qc6 52. Qe8+ Kg7 53. Qe5+ Kh7 54. Rf4 Qd7 55. Rxf7+ Qxf7 56. Qxd6 Qe8 57. Qf6 Qe1+ 58. Kh2 Qf2 59. Qg5 Kg7 60. Qe5+ Kh7 61. Qe4 Kg7 62. Qe5+ Kh7 63. Qg3 Qf1 64. Qg5 Qf2 65. Qg3 Qd4 66.
Qc7+ Kh6 67. Kg3 Qg1 68. Qe7 Qc1 69. Qf8+ Kh7 70. Qf7+ Kh8 71. Qf8+ Kh7 72. Qe7+ Kh6 73. Qe5 Kh7 74. Qe7+ Kh6 1/2-1/2

[Event "*** Titled Tuesday Blitz"]
[Site "Chess.com"]
[Date "2019.06.04"]
[Round "10"]
[White "Joseph_Truelson"]
[Black "tan275"]
[Result "1-0"]
[WhiteElo "2287"]
[BlackElo "2195"]
[TimeControl "180+2"]
[EndTime "15:21:52 PDT"]
[Termination "Joseph_Truelson won by resignation"]

1. d4 Nf6 2. Nc3 g6 3. e4 d6 4. Bf4 Bg7 5. Qd2 Nc6 6. d5 Ne5 7. O-O-O Bd7 8. Nf3 Nxf3 9. gxf3 b5 10. Bxb5 Bxb5 11. Nxb5 Rb8 12. c4 a6 13. Nd4 Qc8 14. Bh6 Bxh6 15. Qxh6 Qb7 16. b3 Qb4 17. Qd2 Qa3+ 18.
Qb2 Qc5 19. h4 a5 20. h5 a4 21. hxg6 fxg6 22. Nc6 Rb6 23. Rhe1 O-O 24. Nxe7+ Kf7 25. e5 dxe5 26. Rxe5 axb3 27. axb3 Ra8 28. Nc6 Rba6 29.
Re7+ Qxe7 30. Nxe7 Ra1+ 31. Kc2 R1a2 32. Nc6 Nd7 33. Re1 Rxb2+ 34. Kxb2 Re8 35. Rxe8 Kxe8 36. Kc2 h5 37. Kd2 h4 38. Ke2 Kf7 39. f4 Kf6 40. Kf3 Nb6 41. Kg4 Nd7 42. Kxh4 Nc5 43. Nd4 Nd3 44.
Kg3 Ke7 45. f3 Kd6 46. Nb5+ Kd7 47. Kg4 Nc5 48. Nd4 Nd3 49. Kg5 Kd6 50. Nb5+ Kd7 51. Kxg6 Nxf4+ 52. Kf5 Ne2 53. f4 Ng3+ 54. Ke5 Ke7 55.
Nd4 Nh5 56. f5 Nf6 57. Nc6+ Kf7 58. Nd8+ Ke7 59. Nc6+ Kf7 60. b4 Nd7+ 61. Ke4 Kf6 62. c5 Nf8 63. Ne5 Nh7 64. d6 cxd6 65. cxd6 Nf8 66. d7 Ke7 67. Kd5 Kd8 68. b5 Nxd7 69.
Nxd7 Kxd7 70. b6 1-0

[Event "*** Titled Tuesday Blitz"]
[Site "Chess.com"]
[Date "2019.06.04"]
[Round "10"]
[White "GHANDEEVAM2003"]
[Black "gena217"]
[Result "1-0"]
[WhiteElo "2946"]
[BlackElo "2895"]
[TimeControl "180+2"]
[EndTime "15:21:57 PDT"]
[Termination "GHANDEEVAM2003 won by resignation"]

1. d4 Nf6 2. Bg5 Ne4 3. Bf4 d5 4. f3 Nf6 5. e4 c5 6. Nc3 cxd4 7. Qxd4 Nc6 8. Bb5 Bd7 9. Bxc6 Bxc6 10. e5 Nd7 11. e6 fxe6 12. O-O-O Qb6 13. Qd2 d4 14. Ne4 e5 15. Bg3 g6 16. Nh3 Bg7 17. Nhf2 Rc8 18. Kb1 Bd5 19. h4 h6 20. Rhe1 a5 21. Nd3 a4 22. a3 Bf7 23. Nef2 Qe6 24. Nb4 h5 25. Nfd3 O-O 26. Qe2 Rc4 27. f4 Rfc8 28. fxe5 Rxc2 29. Qf3 Qb3 30. Rc1 Rxc1+ 31. Rxc1 Rxc1+ 32. Kxc1 Bh6+ 33. Bf4 Bxf4+ 34. Qxf4 Qc4+ 35. Kd2 Nc5 36. Nxc5 Qxc5 37. Qe4 b5 38. e6 Be8 39. Nd3 Qc4 40. Qe5 Qc6 41.
Nf4 Qb6 42. Nd5 Qd8 43. Qxd4 Qd6 44. Nf6+ Kf8 45. Nh7+ Kg8 46. Nf6+ Kf8 47. Qxd6 exd6 48. Ke3 Bc6 49. Kf4 Ke7 50. Kg5 Kxe6 51. Kxg6 Bxg2 52.
Nxh5 Ke5 53. Kg5 d5 54. Nf4 Be4 55. h5 d4 56. Ng6+ Bxg6 57. hxg6 d3 58. g7 d2 59. g8=Q d1=Q 60. Qe8+ Kd4 61. Qd7+ Kc4 62. Qxd1 b4 63. Qxa4 1-0

[Event "*** Titled Tuesday Blitz"]
[Site "Chess.com"]
[Date "2019.06.04"]
[Round "10"]
[White "iturrizaga"]
[Black "igorkovalenko"]
[Result "1-0"]
[WhiteElo "2934"]
[BlackElo "2882"]
[TimeControl "180+2"]
[EndTime "15:22:00 PDT"]
[Termination "iturrizaga won by resignation"]

1. c4 Nf6 2. Nc3 e5 3. Nf3 Nc6 4. e3 Bb4 5. Qc2 Bxc3 6. bxc3 d6 7. e4 O-O 8. g3 Nh5 9. Nh4 Nf4 10. d3 Ng6 11. Nf5 Qf6 12. Ne3 Nge7 13. Bg2 Qg6 14. O-O f5 15. exf5 Nxf5 16. Nd5 Rf7 17. f4 Be6 18.
Rb1 Rb8 19. fxe5 dxe5 20. Bd2 h5 21. Kh1 Rbf8 22. Rg1 b6 23. Be1 Na5 24. Qe2 Nd6 25. Qe3 e4 26. Nf4 Qh6 27. c5 bxc5 28. Qxc5 Bxa2 29. Rb2 Nab7 30. Qxh5 Qxh5 31. Nxh5 Bd5 32. Nf4 Bc6 33. Ne6 Re8 34. Nd4 Bd5 35. c4 Be6 36. Nxe6 Rxe6 37. dxe4 c6 38. Bb4 Nxc4 39. Re2 Ne5 40. Rd1 c5 41. Bc3 Re8 42. h3 a5 43.
Rd5 Rfe7 44. Rb2 a4 45. Bxe5 a3 46. Rb3 c4 47. Rbb5 Rxe5 48. Rxe5 Rxe5 49. Rxe5 c3 50. Re8+ Kh7 51. e5 Nc5 52. Rc8 a2 53. Rxc5 a1=Q+ 54. Kh2 Qe1 55. e6 Kg6 56. Rc4 Qxe6 57. Rc6 Qxc6 58. Bxc6 Kf5 59. Ba4 Ke4 60. Bc2+ Ke3 61. h4 Kd2 62. Bg6 1-0

[Event "*** Titled Tuesday Blitz"]
[Site "Chess.com"]
[Date "2019.06.04"]
[Round "10"]
[White "Vuk2000"]
[Black "vovachesss"]
[Result "1-0"]
[WhiteElo "2722"]
[BlackElo "2621"]
[TimeControl "180+2"]
[EndTime "15:22:00 PDT"]
[Termination "Vuk2000 won by resignation"]

1. d4 Nf6 2. Bg5 d6 3. Bxf6 gxf6 4. g3 e5 5. Bg2 Nc6 6. e3 d5 7. dxe5 Be6 8. exf6 Qxf6 9. c3 O-O-O 10. Ne2 h5 11. h4 Bg4 12. Qc2 Ne5 13. Nd2 Bc5 14. Nd4 Bb6 15.
b4 Rhe8 16. a4 a6 17. O-O Ng6 18. N4f3 Qd6 19. Kh2 Rg8 20. c4 Bxe3 21. fxe3 Bxf3 22. Qf5+ Kb8 23. Qxf3 Nxh4 24. Qf4 Nxg2 25. Qxd6 Rxd6 26.
Kxg2 h4 27. Rf3 dxc4 28. Nxc4 Rdg6 29. Rh1 hxg3 30. Ne5 Rb6 31. Rh4 Rd8 32. Nxf7 Rd2+ 33. Kxg3 Rb2 34. Rff4 Rg6+ 35. Kf3 Rb3 36. Ne5 Re6 37.
Re4 Rf6+ 38. Rhf4 Rh6 39. a5 Rh3+ 40. Kg4 Rhxe3 41. Rxe3 Rxe3 42. Kf5 Rc3 43. Ke6 c5 44. Nd7+ Kc7 45. Nxc5 Kc6 46. Ke5 Re3+ 47. Kd4 Re1 48.
Rf6+ Kc7 49. Rf7+ Kc6 50. Rf6+ Kc7 51. Rb6 Rd1+ 52. Kc3 Rc1+ 53. Kb2 Rc4 54. Rxb7+ Kc6 55. Rb6+ Kd5 56. Kb3 Rh4 57. Na4 Rh3+ 58. Nc3+ Kd4 59. Rd6+ Ke5 60. Rc6 Kd4 61. Rc4+ Kd3 62. Na4 Kd2+ 63.
Rc3 Rh1 64. Nc5 Rh6 65. Rd3+ Kc1 66. Na4 Rh4 67. Nb2 Rh1 68. Rd1+ Rxd1 69. Nxd1 Kxd1 70.
b5 1-0

[Event "*** Titled Tuesday Blitz"]
[Site "Chess.com"]
[Date "2019.06.04"]
[Round "10"]
[White "bracuarta"]
[Black "Jabberwockiez"]
[Result "1/2-1/2"]
[WhiteElo "2128"]
[BlackElo "2260"]
[TimeControl "180+2"]
[EndTime "15:22:02 PDT"]
[Termination "Game drawn by repetition"]

1. d4 Nf6 2. c4 e6 3. Nc3 Bb4 4. e3 O-O 5. Ne2 c5 6. a3 Ba5 7. Rb1 cxd4 8. exd4 d5 9. c5 Bc7 10.
Ng3 b6 11. b4 bxc5 12. bxc5 Ba5 13. Bd2 Nc6 14. Qa4 Bd7 15. Bb5 Qc7 16. O-O a6 17.
Bxc6 Bxc6 18. Qc2 Rfb8 19. f4 Bxc3 20. Qxc3 Bb5 21. Rfe1 Rb7 22. f5 Rab8 23. fxe6 fxe6 24. Rxe6 Bd7 25. Rxb7 Qxb7 26. Re1 Ne4 27. Nxe4 dxe4 28.
Bf4 Re8 29. Be5 Bc6 30. Qg3 Rf8 31. h3 Rf5 32. Kh2 h6 33. Qg6 Rg5 34. Qe6+ Kh7 35. Re3 Qb2 36. Rg3 Rxg3 37. Bxg3 Qb7 38. Qf5+ Kg8 39. Qe5 Bd5 40. Bf4 Kh7 41. h4 Qc6 42.
h5 Kg8 43. Qb8+ Kh7 44. Qb6 Qxb6 45. cxb6 Kg8 46. Kg3 Kf7 47. Be5 e3 48. Bf4 e2 49.
Kf2 g6 50. hxg6+ Kxg6 51. g3 Bf3 52. a4 Kf5 53. a5 h5 54. Bc7 Kg4 55. Bf4 h4 56.
gxh4 Kxf4 57. h5 Kg5 58. d5 Bxd5 59. Kxe2 Kxh5 60. Ke3 Kg6 61. Kd4 Bh1 62. Ke5 Kf7 63. Kd6 Ke8 64. Kc7 Ke7 65. b7 Bxb7 66. Kxb7 Kd7 67.
Kxa6 Kc8 68. Ka7 Kc7 69. Ka8 Kc8 70. Ka7 Kc7 71. Ka8 Kc8 72. Ka7 1/2-1/2

[Event "*** Titled Tuesday Blitz"]
[Site "Chess.com"]
[Date "2019.06.04"]
[Round "10"]
[White "csati17"]
[Black "Valuebet2000"]
[Result "0-1"]
[WhiteElo "2510"]
[BlackElo "2555"]
[TimeControl "180+2"]
[EndTime "15:22:02 PDT"]
[Termination "Valuebet2000 won on time"]

1. c4 a6 2. a4 a5 3. Nc3 Nc6 4. g3 Nb4 5. Bg2 g6 6. d4 Bg7 7. e4 d6 8. Nge2 Nf6 9. O-O O-O 10. e5 Nd7 11. f4 c5 12. dxc5 Nxc5 13. exd6 exd6 14.
Be3 Bf5 15. Nd4 Bd3 16. Re1 Bxc4 17. b3 Bxb3 18. Nxb3 Bxc3 19. Nxc5 dxc5 20. Bxc5 Qxd1 21. Raxd1 Bxe1 22. Bxf8 Kxf8 23. Rxe1 Rb8 24. f5 Kg7 25. g4 Kf6 26. h4 b5 27. axb5 Rxb5 28. g5+ Kxf5 29.
Kh2 Nd5 30. Bh3+ Kf4 31. Rf1+ Ke3 32. Rxf7 Rb2+ 33. Kg3 a4 34. Be6 Nc3 35. Rxh7 Ne4+ 36. Kg4 Rb4 37. Kh3 Rb6 38. Bd5 Nf2+ 39. Kg3 Nd3 40.
Re7+ Kd4 41. Be4 Ne5 42. Bc2 a3 43. Ra7 Nc4 44. h5 gxh5 45. g6 Kc3 46. g7 Rb8 47.
Bh7 a2 48. Rxa2 Ne3 49. Bg8 Rxg8 50. Ra7 Kd4 51. Kh4 Nf5+ 52. Kxh5 Nxg7+ 53. Kg6 Ne8+ 54. Kf7 Rh8 55. Ra6 Kd5 56. Ke7 Nc7 57. Ra5+ Kc6 58.
Rf5 Rh7+ 59. Rf7 Nd5+ 60. Ke6 Rh6+ 61. Ke5 Kc5 62. Rf8 Rh5+ 63. Ke4 Kd6 64. Re8 Nf6+ 0-1

[Event "*** Titled Tuesday Blitz"]
[Site "Chess.com"]
[Date "2019.06.04"]
[Round "10"]
[White "pedro_gines"]
[Black "Rish_97"]
[Result "1-0"]
[WhiteElo "2417"]
[BlackElo "2497"]
[TimeControl "180+2"]
[EndTime "15:22:09 PDT"]
[Termination "pedro_gines won by resignation"]

1. d4 Nf6 2. Nf3 e6 3. g3 b5 4. Bg2 Bb7 5. O-O Be7 6. a4 b4 7. c3 Na6 8. a5 O-O 9. Bg5 h6 10. Bxf6 Bxf6 11. Nbd2 c5 12. e4 bxc3 13. bxc3 cxd4 14.
cxd4 d5 15. e5 Be7 16. Ne1 Bb4 17. Nc2 Bxa5 18. Nb3 Bb6 19. f4 Nc7 20. Ne3 f6 21. Kh1 fxe5 22. fxe5 Rxf1+ 23. Qxf1 Qg5 24. Qd3 Rf8 25. Rc1 Rf2 26. Kg1 Rb2 27. Nc5 Bxc5 28.
Rxc5 Ba6 29. Qc3 Rb1+ 30. Kf2 Nb5 31. Qd3 Rb2+ 32. Kg1 Ra2 33. Nxd5 Ra1+ 34. Kf2 Ra2+ 35.
Kg1 Rxg2+ 36. Kxg2 Nc7 37. Qe3 Nxd5 38. Qxg5 hxg5 39.
Ra5 Bd3 40. Rxa7 g4 41. h3 Be4+ 42. Kh2 gxh3 43. Kxh3 Kh7 44. Ra6 Bd3 45. Rd6 Bg6 46.
Kh4 Bf7 47. Kg5 Nc3 48. Rd7 Bg6 49. Re7 Ne4+ 50. Kf4 Nc3 51. Rxe6 Nd5+ 52. Kg5 Bd3 53. Rd6 Nc3 54. Rd7 Bb5 55. Rb7 Bc6 56. Rb6 Bd5 57.
e6 Ne4+ 58. Kf4 Nf6 59. Ke5 Kg6 60. e7 Bf7 61. d5 Kg5 62. Rxf6 gxf6+ 63. Kd6 Be8 64.
Kc7 Kg6 65. d6 Kf7 66. d7 Kxe7 67. d8=Q+ Kf7 68. Kd6 Bb5 69. Qc7+ 1-0